 Dungeon Crawl Stone Soup version 0.32-a0-468-g38b2580584 (webtiles) character file.

Game seed: 16240343219317339942

166 CougarLife the Digger (level 5, -4/28 HPs)
             Began as a Gargoyle Earth Elementalist on Feb 25, 2024.
             Frozen to death by an endoplasm (5 damage)
             ... on level 3 of the Dungeon.
             The game lasted 00:01:28 (1986 turns).

CougarLife the Digger (Gargoyle Earth Elementalist) Turns: 1986, Time: 00:01:28

Health: -4/28      AC: 14    Str: 11    XL:     5   Next: 47%
Magic:  0/10       EV: 11    Int: 18    God:
Gold:   183        SH:  0    Dex: 10    Spells: 9/10 levels left

rFire   . . .        i - +0 dagger (protect)
rCold   . . .        (no shield)
rNeg    + . .        a - +0 robe
rPois   ∞            q - +0 helmet
rElec   +            (no cloak)
rCorr   .            (no gloves)
SInv    .            (no boots)
Will    .....        (no amulet)
Stlth   ++           (no ring)
HPRegen 0.24/turn    (no ring)
MPRegen 0.12/turn

%: no passive effects
@: under a protective aura
A: sickness immunity, AC +4, negative energy resistance 1, electricity
resistance, torment resistance 1, petrification resistance
a: no special abilities


You were on level 3 of the Dungeon.
You visited 1 branch of the dungeon, and saw 3 of its levels.

You collected 183 gold pieces.

Inventory:

Hand Weapons
 i - a +0 dagger of protection (weapon)
Missiles
 l - a throwing net
Armour
 a - a +0 robe (worn)
 q - a +0 helmet (worn)
Scrolls
 c - a scroll of vulnerability {unknown}
 d - 2 scrolls of fog {unknown}
 e - a scroll of identify {unknown}
 g - a scroll of fear {unknown}
 h - a scroll of teleportation {unknown}
 j - a scroll of enchant armour {unknown}
 n - a scroll of immolation {unknown}
 o - a scroll of revelation {unknown}
Potions
 b - a potion of magic
 f - 2 potions of curing {unknown}
 k - a potion of haste {unknown}
 m - 2 potions of heal wounds {unknown}
 p - a potion of lignification {unknown}
 r - 2 potions of attraction {unknown}


   Skills:
 - Level 1.5 Dodging
 - Level 2.1 Stealth
 + Level 3.3 Spellcasting
 + Level 3.2 Conjurations
 + Level 5.0 Earth Magic


You had 9 spell levels left.
You knew the following spells:

 Your Spells              Type           Power      Damage    Failure   Level
a - Sandblast             Erth           42%        2d11      1%          1

Your spell library contained the following spells:

 Spells                   Type           Power      Damage    Failure   Level
 Passwall                 Erth           21%        N/A       6%          3
 Stone Arrow              Conj/Erth      36%        3d9       9%          3
 Ensorcelled Hibernation  Hex/Ice        6%         N/A       24%         2
 Brom's Barrelling Bould  Conj/Erth      18%        2d4       28%         4
 Fugue of the Fallen      Necr           3%         N/A       43%         3
 Petrify                  Alch/Erth      12%        N/A       50%         4
 Anguish                  Hex/Necr       1%         N/A       83%         4


Dungeon Overview and Level Annotations

Branches:
Dungeon (3/15)

Altars:
Xom

Shops:
D:1 [


Innate Abilities, Weirdness & Mutations

You are immune to sickness and miasma.
Your stone body is resilient. (AC +4)
You are immune to poison.
You resist negative energy. (rN+)
You are resistant to electric shocks. (rElec)
You are resistant to unholy torment.
You are immune to petrification.


Message History

The rat bites you but does no damage. The kobold hits you but does no damage.
The kobold barely misses you. The endoplasm hits you.
* * * LOW HITPOINT WARNING * * *
You completely miss the rat.
The rat is severely wounded.
The rat barely misses you. The kobold hits you but does no damage.
The endoplasm freezes you.
You are frozen.
* * * LOW HITPOINT WARNING * * *
The kobold hits you but does no damage.
You barely miss the rat.
The rat is severely wounded.
The rat barely misses you. The kobold hits you but does no damage.
The endoplasm barely misses you. The kobold barely misses you.
You hit the rat.
You kill the rat!
The kobold closely misses you. The kobold barely misses you.
The endoplasm completely misses you.
Casting: Sandblast (safe; 1% risk of failure)
Confirm with . or Enter, or press ? or * to list all spells.
Aiming: Sandblast (safe; 1% risk of failure)
Press: ? - help, Shift-Dir - straight line, f - kobold
Aim: a kobold, wielding a +0 club (79% to hit)
The blast of sand hits the kobold.
You kill the kobold!
The endoplasm hits you but does no damage.
The kobold barely misses you.
An adder comes into view.
The kobold hits you with a +0 dagger.
* * * LOW HITPOINT WARNING * * *
The endoplasm hits you but does no damage.
You hit the endoplasm.
The endoplasm is severely wounded.
The kobold barely misses you. The endoplasm closely misses you.
You hit the endoplasm but do no damage.
The endoplasm is severely wounded.
The kobold hits you but does no damage. The endoplasm freezes you.
You are frozen.
You die...

#.######### ..
.#.........# . ..
.#.........# .. .#
.#.........# ... .
.#.......)[# ....#.
.#.........#
....♣♣♣♣♣(#.<.......##
#S).♣♣.#######.##†..
#@K..# #.##### #.J####
#..## ##...(## ##..#
####..### ##.#
##...### #.### ###...#
#...# ###.# ###.# #.#
#.# #.## #.#


You could see an adder, an endoplasm and a kobold.

Vanquished Creatures
  A phantom (D:3)
  3 adders
  4 dart slugs
  3 endoplasms
  3 giant cockroaches (D:2)
  3 hobgoblins
  10 jackals
  2 quokkas (D:1)
  4 ball pythons
  8 bats
  2 frilled lizards (D:1)
  4 goblins
  5 kobolds
  3 rats
55 creatures vanquished.

Notes
Turn   | Place    | Note
-------+----------+-------------------------------------------
     0 | D:1      | CougarLife the Gargoyle Earth Elementalist began the quest
                  | for the Orb.
     0 | D:1      | Reached XP level 1. HP: 10/10 MP: 3/3
   171 | D:1      | Reached XP level 2. HP: 15/15 MP: 1/5
   354 | D:1      | Reached skill level 4 in Earth Magic
   526 | D:1      | Reached XP level 3. HP: 3/19 MP: 0/6
   618 | D:1      | Found Peohy's Antique Armour Shop.
  1266 | D:2      | Reached XP level 4. HP: 24/24 MP: 6/8
  1803 | D:3      | Found a shimmering altar of Xom.
  1962 | D:3      | Noticed a phantom
  1971 | D:3      | Killed a phantom
  1972 | D:3      | Reached skill level 5 in Earth Magic
  1972 | D:3      | Reached XP level 5. HP: 19/28 MP: 3/9
  1984 | D:3      | HP: 1/28 [kobold/+0 dagger (3)]
  1986 | D:3      | Frozen to death by an endoplasm

Illustrated notes

Levels and vault maps discovered:
D:1:      mrwooster_arrival_statue, layout_rooms, serial_shops, shop
D:2:      layout_basic
D:3:      layout_rooms, mainiacjoe_overflow_24_doors,
          shapermc_ecumenical_altar_petra, serial_shops, nicolae_shop_crystal,
          amcnicky_mini_corridor_feature, nrook_campfire, uniq_terence

Skill      XL: |  1  2  3  4 |
---------------+-------------+-----
Earth Magic    | 4 5 |  5.0
Conjurations   | 2 3 |  3.2
Spellcasting   | 3 |  3.3
Dodging        | |  1.5
Stealth        | |  2.1

Action                     |  1- 3 |  4- 6 || total
---------------------------+-------+-------++-------
  Melee: Unarmed           |    29 |       ||    29
         Dagger            |     2 |    25 ||    27
   Cast: Sandblast         |    47 |    30 ||    77
 Armour: Robe              |    40 |    49 ||    89
  Dodge: Dodged            |    50 |    56 ||   106

Table legend: (Time is in decaauts)
 A = Elapsed time spent in this place.
 B = Non-inter-level travel time spent in this place.
 C = Inter-level travel time spent in this place.
 D = Time resting spent in this place.
 E = Time spent auto-exploring this place.
 F = Levels seen in this place.
 G = Mean time per level.
                   A        B        C        D        E       F      G
               +--------+--------+--------+--------+--------+-----+--------+
         Total |   2023 |   1890 |    133 |     61 |   1501 |   3 |  674.3 |
       Dungeon |   2023 |   1890 |    133 |     61 |   1501 |   3 |  674.3 |
               +--------+--------+--------+--------+--------+-----+--------+

Top non-repeatable levels by time:
     D:1: 945 daAuts
     D:2: 883 daAuts
     D:3: 194 daAuts
